 Dungeon Crawl Stone Soup version 0.20-a0-492-g6327889 (webtiles) character file.

349 Faca the Shield-Bearer (level 6, -10/50 HPs)
             Began as a Formicid Fighter on Jan 15, 2017.
             Mangled by BluefootFox's ghost (18 damage)
             ... on level 4 of the Dungeon.
             The game lasted 00:11:15 (2731 turns).

Faca the Shield-Bearer (Formicid Fighter)           Turns: 2731, Time: 00:11:15

Health: -10/50     AC: 11    Str: 21    XL:     6   Next: 92%
Magic:  6/6        EV:  6    Int:  7    God:
Gold:   199        SH: 10    Dex: 12    Spells: 5/5 levels left

rFire    . . .     SeeInvis +   a - +0 long sword
rCold    . . .     Gourm    .   k - +0 chain mail
rNeg     . . .     Faith    .   c - +0 shield
rPois    .         Spirit   .   (helmet unavailable)
rElec    .         Reflect  .   i - +0 cloak
rCorr    .         Harm     .   (no gloves)
MR       .....                  (no boots)
Stlth    ..........             (no amulet)
Regen    0.1/turn               (no ring)
                                (no ring)

@: no status effects
A: permanent stasis, dig shafts and tunnels, four strong arms, antennae 3
a: Dig, Shaft Self


You were on level 4 of the Dungeon.
You were not hungry.

You visited 1 branch of the dungeon, and saw 4 of its levels.

You collected 199 gold pieces.

Inventory:

Hand Weapons
 a - a +0 long sword (weapon)
 m - a +0 hunting sling
Missiles
 e - 139 stones (quivered)
Armour
 c - a +0 shield (worn)
 i - a +0 cloak (worn)
 k - a +0 chain mail (worn)
Scrolls
 h - a scroll of remove curse
Potions
 b - 3 potions of agility
 d - a potion of might
 f - a potion of flight
 g - a potion of berserk rage {unknown}
 o - a potion of curing
Comestibles
 l - a bread ration
 p - a royal jelly


   Skills:
 + Level 4.9 Fighting
 + Level 3.6 Long Blades
 + Level 4.9 Armour
 + Level 5.2 Shields


You had 5 spell levels left.
You didn't know any spells.

Dungeon Overview and Level Annotations

Branches:
Dungeon (4/15)
 Temple: D:4-7

Altars:
Nemelex Xobeh
Qazlal

Annotations:
D:4 BluefootFox's ghost, novice MfCK


Innate Abilities, Weirdness & Mutations

You cannot be hasted, slowed, berserked, paralysed or teleported.
You can dig through walls and to a lower floor.
Your four strong arms can wield two-handed weapons with a shield.
You have a pair of large antennae on your head. (SInv)


Message History

You block the orc's attack.
You slash the orc!
You kill the orc!
BluefootFox's ghost barely misses you.
You miss BluefootFox's ghost. BluefootFox's ghost hits you.
You are electrocuted!
You hit BluefootFox's ghost.
BluefootFox's ghost is lightly damaged.
BluefootFox's ghost hits you. BluefootFox's ghost freezes you.
You closely miss BluefootFox's ghost.
BluefootFox's ghost is lightly damaged.
BluefootFox's ghost hits you but does no damage.
You are electrocuted!
* * * LOW HITPOINT WARNING * * *
You barely miss BluefootFox's ghost.
BluefootFox's ghost is lightly damaged.
BluefootFox's ghost hits you.
* * * LOW HITPOINT WARNING * * *
Space warps horribly around you!
You die...

#.#..#..#.......#
#.##.#..#.......#
#.##.#..#.......#
#.......#.......#
####.####.......# #....#
#.......# #.#..# #.......#
#...## ##.###.## ##@##
#.###.#### #W# #........#
###o### ####.....# #.....#
#####...... ###
#.....####...#.....#
###...##....<....)..#.....#
.............####..>....###
###...##.....# ####.#.##
##........## #.###


You could see BluefootFox's ghost and an orc.

Vanquished Creatures
  A phantom (D:4)
  2 orc wizards (D:3)
  Natasha (D:2)
  4 gnolls
  5 adders
  An ooze (D:3)
  An adder skeleton (D:4)
  3 worms
  4 dart slugs
  8 orcs
  6 bats
  4 giant cockroaches (D:1)
  6 goblins
  6 hobgoblins
  6 jackals
  A quokka (D:2)
  9 frilled lizards
  4 kobolds
  6 rats
78 creatures vanquished.

Notes
Turn   | Place    | Note
-------+----------+-------------------------------------------
     0 | D:1      | Faca the Formicid Fighter began the quest for the Orb.
     0 | D:1      | Reached XP level 1. HP: 18/18 MP: 1/1
   153 | D:1      | Reached XP level 2. HP: 22/24 MP: 2/2
   232 | D:1      | Reached skill level 4 in Shields
   253 | D:1      | Reached XP level 3. HP: 29/29 MP: 3/3
  1045 | D:2      | Reached XP level 4. HP: 28/37 MP: 4/4
  1347 | D:2      | Found a stormy altar of Qazlal.
  1381 | D:2      | Noticed Natasha
  1399 | D:2      | Killed Natasha
  1399 | D:2      | Reached XP level 5. HP: 29/42 MP: 5/5
  1949 | D:3      | Found a sparkling altar of Nemelex Xobeh.
  2135 | D:3      | Reached XP level 6. HP: 43/49 MP: 6/6
  2497 | D:3      | Found a faded altar of an unknown god.
  2557 | D:4      | Noticed a phantom
  2561 | D:4      | Reached skill level 5 in Shields
  2585 | D:4      | Killed a phantom
  2708 | D:4      | Noticed BluefootFox's ghost (novice MfCK)
  2731 | D:4      | Mangled by BluefootFox's ghost

Vault maps used:
D:1:      dpeg_arrival_snail
D:2:      nicolae_qazlal_general_emergency, uniq_natasha
D:3:      first_bread, chequers_ecumenical_altar_grove,
          nemelex_dance_club_becter
D:4:      uniq_robin

Skill      XL: |  1  2  3  4  5  6 |
---------------+-------------------+-----
Shields        | 4 5 |  5.2
Fighting       | 4 |  4.9
Armour         | 4 |  4.9
Long Blades    | 3 |  3.6

Action                   |  1- 3 |  4- 6 || total
-------------------------+-------+-------++-------
Melee: Long sword        |   109 |   192 ||   301
  Use: Scroll            |       |     7 ||     7
  Eat: Bread ration      |     1 |     1 ||     2
       Chunk             |       |     1 ||     1
Armor: Scale mail        |    54 |    41 ||    95
       Chain mail        |       |    27 ||    27
Dodge: Dodged            |    42 |    46 ||    88
Block: Shield            |    49 |    96 ||   145
       Rpst.: Long sword |    11 |    11 ||    22
